 Dungeon Crawl Stone Soup version 0.26-a0-30-g56b8cd3df0 (webtiles) character file.

Game seed: 14376681821684075693, levelgen mode: deterministic

840 kae the Cudgeler (level 7, 0/57 HPs)
             Began as a Demonspawn Fighter on May 29, 2020.
             Was an Initiate of Makhleb.
             Slain by a sky beast (4 damage)
             ... on level 5 of the Dungeon.
             The game lasted 00:03:26 (5187 turns).

kae the Cudgeler (Demonspawn Fighter)               Turns: 5187, Time: 00:03:27

Health: 0/57       AC:  7    Str: 18    XL:     7   Next: 67%
Magic:  0/7        EV:  7    Int: 10    God:    Makhleb [......]
Gold:   277        SH: 13    Dex: 12    Spells: 6/6 levels left

rFire    . . .     SeeInvis .   a - +0 flail
rCold    . . .     Gourm    .   c - +0 kite shield
rNeg     . . .     Faith    .   b - +0 scale mail
rPois    .         Spirit   +   q - -1 helmet
rElec    .         Reflect  +   (no cloak)
rCorr    .         Harm     .   (no gloves)
MR       .....                  l - +0 pair of boots
Stlth    ..........             j - amulet of reflection
HPRegen  0.19/turn              (no ring)
MPRegen  0.20/turn              (no ring)

@: no status effects
A: hooves 1, magic shield, magic regeneration, rot immunity, sturdy frame 1
a: Renounce Religion


You were on level 5 of the Dungeon.
You worshipped Makhleb.
Makhleb was noncommittal.
You were hungry.

You visited 2 branches of the dungeon, and saw 5 of its levels.

You collected 277 gold pieces.

Inventory:

Hand Weapons
 a - a +0 flail (weapon)
Armour
 b - a +0 scale mail (worn)
 c - a +0 kite shield (worn)
 l - a +0 pair of boots (worn)
 q - a -1 helmet (worn)
Jewellery
 j - an amulet of reflection (around neck)
 u - an uncursed amulet of regeneration {unknown}
Wands
 h - a wand of flame (24)
 k - a wand of clouds (5)
Scrolls
 e - 2 scrolls of amnesia
 m - a scroll of remove curse
 n - a scroll of enchant weapon {unknown}
 o - a scroll of blinking {unknown}
 t - a scroll of identify
Potions
 d - a potion of might
 g - a potion of invisibility {unknown}
 p - a potion of cancellation {unknown}
 r - 2 potions of brilliance
 s - a potion of mutation {unknown}
Comestibles
 f - 7 rations


   Skills:
 + Level 5.7 Fighting
 * Level 6.7 Maces & Flails
 - Level 2.6 Armour
 - Level 2.6 Shields


You had 6 spell levels left.
You didn't know any spells.
Your spell library contained the following spells:

 Spells                   Type           Power        Failure   Level  Hunger
 Magic Dart               Conj           #...         98%         1    ##.....
 Blink                    Tloc           N/A          99%         2    ###....
 Call Imp                 Summ           #.......     99%         2    ###....
 Slow                     Hex            #.......     99%         2    ###....
 Conjure Flame            Conj/Fire      #.......     100%        3    ####...
 Mephitic Cloud           Conj/Pois/Air  #.......     100%        3    ####...


Dungeon Overview and Level Annotations

Branches:
Dungeon (5/15)             Temple (1/1) D:5

Altars:
Cheibriados
Gozag
Hepliaklqana
Kikubaaqudgha
Makhleb
Okawaru
Yredelemnul
The Shining One


Innate Abilities, Weirdness & Mutations

You have large cloven feet.
When hurt, damage is shared between your health and your magic reserves.
You regenerate magic rapidly.
You are immune to rotting.
Your movements are slightly less encumbered by armour. (ER -2)


Message History

You barely miss something. Something hits you but does no damage.
You sock something! Something hits you but does no damage.
The crimson imp disappears for a moment.
You closely miss something.
The crimson imp blinks!
Something hits you but does no damage.
You miss something. Something hits you. Something shocks you.
* * * LOW HITPOINT WARNING * * *
You closely miss something. Something hits you.
* * * LOW HITPOINT WARNING * * *
Something shocks you.
* * * LOW HITPOINT WARNING * * *
The crimson imp blinks!
You block something's attack.
You miss something. Something hits you but does no damage.
You miss something. Something hits you but does no damage.
You miss something. You block something's attack.
Your shield and scale mail prevent you from hitting something.
Something hits you.
* * * LOW HITPOINT WARNING * * *
Something shocks you.
You die...

#.......# #.......# ..
#.......# ..#
#.......###..#
#.......#.....
#............
#......>..# #.@#s..#
###{# .#.# ###Z#.....
#####.......... #.
..#.......#.## ### #.#
#.#.†#.##.#.### ..#
#..##.#...........## .
#.#
#.Y.......##......#..
#.#
#.#####.#....^..._......


You could see a jackal skeleton.

Vanquished Creatures
  An ice beast (D:5)
  A sky beast (D:5)
  2 centaurs (D:5)
  An ogre (D:5)
  A hound (D:5)
  2 orc priests
  An orc wizard (D:3)
  3 worker ants (D:5)
  A hound zombie (D:5)
  A hound skeleton (D:5)
  A worker ant zombie (D:5)
  10 adders
  An ooze (D:2)
  An adder skeleton (D:5)
  A worm (D:3)
  3 dart slugs
  3 leopard geckos
  5 orcs
  2 ball pythons
  7 bats
  12 giant cockroaches
  10 hobgoblins
  A quokka (D:2)
  3 frilled lizards
  10 goblins
  3 kobolds
  A quokka zombie (D:5)
  10 rats
98 creatures vanquished.

Notes
Turn   | Place    | Note
-------+----------+-------------------------------------------
     0 | D:1      | kae the Demonspawn Fighter began the quest for the Orb.
     0 | D:1      | Reached XP level 1. HP: 18/18 MP: 1/1
    48 | D:1      | Reached skill level 2 in Maces & Flails
    91 | D:1      | Gained mutation: When hurt, damage is shared between your
                  | health and your magic reserves. [demonic ancestry]
    91 | D:1      | Reached XP level 2. HP: 21/24 MP: 2/2
   720 | D:2      | Reached XP level 3. HP: 20/29 MP: 1/3
   732 | D:2      | Reached skill level 3 in Maces & Flails
  1108 | D:2      | Gained mutation: You are immune to rotting. [demonic
                  | ancestry]
  1108 | D:2      | Reached XP level 4. HP: 37/37 MP: 4/4
  2779 | D:2      | Reached skill level 4 in Maces & Flails
  3064 | D:3      | Gained mutation: You have large cloven feet. [demonic
                  | ancestry]
  3064 | D:3      | Reached XP level 5. HP: 30/42 MP: 3/5
  3742 | D:3      | Found an iron altar of Okawaru.
  3753 | D:3      | Found a basalt altar of Yredelemnul.
  4080 | D:3      | You fall into a shaft and drop 2 floors!
  4080 | D:5      | Entered Level 5 of the Dungeon
  4080 | D:5      | Found an opulent altar of Gozag.
  4163 | D:5      | Found a staircase to the Ecumenical Temple.
  4163 | D:5      | Noticed an ogre
  4185 | Temple   | Entered the Ecumenical Temple
  4372 | Temple   | Became a worshipper of Makhleb the Destroyer
  4413 | D:5      | Noticed an ice beast
  4417 | D:5      | Noticed a centaur
  4423 | D:5      | Reached skill level 5 in Maces & Flails
  4423 | D:5      | Gained mutation: You regenerate magic rapidly. [demonic
                  | ancestry]
  4423 | D:5      | Reached XP level 6. HP: 43/49 MP: 4/6
  4442 | D:5      | Killed an ice beast
  4442 | D:5      | Reached skill level 5 in Fighting
  4474 | D:5      | Gained mutation: Your movements are slightly less
                  | encumbered by armour. (ER -2) [demonic ancestry]
  4474 | D:5      | Reached XP level 7. HP: 18/56 MP: 7/7
  4754 | D:5      | Reached skill level 6 in Maces & Flails
  5187 | D:5      | Slain by a sky beast

Illustrated notes

Levels and vault maps discovered:
D:1:      psy_arrival_whirlpool, layout_rooms, serial_curves, eino_curves_01,
          eino_curves_03, kennysheep_another_room
D:2:      minmay_inner_zag, layout_basic
D:3:      layout_basic, minitemple, first_ration
D:5:      layout_loops_cross, minmay_temple_entry_hall, basic_altar,
          minmay_joined_circles
Temple:   eino_temple_water

Skill      XL: |  1  2  3  4  5  6  7 |
---------------+----------------------+-----
Maces & Flails | 2 3 4 5 6 |  6.7
Fighting       | 4 5 |  5.7
Armour         | |  2.6
Shields        | |  2.6

Action                   |  1- 3 |  4- 6 |  7- 9 || total
-------------------------+-------+-------+-------++-------
Melee: Flail             |   131 |   227 |    65 ||   423
  Use: Scroll            |     4 |     4 |       ||     8
       Potion            |     1 |     4 |     1 ||     6
  Eat: Chunk             |     1 |     6 |     3 ||    10
       Ration            |       |     1 |       ||     1
Armor: Scale mail        |    79 |   100 |    24 ||   203
Dodge: Dodged            |    47 |    56 |    10 ||   113
Block: Kite shield       |    81 |    97 |    51 ||   229
       Reflection        |       |       |     3 ||     3

Table legend:
 A = Non-vault XP
 B = Vault XP
 C = Vault XP percentage of total XP
 D = Non-vault monster count
 E = Vault monster count
 F = Vault count percentage of total count
                 A         B        C        D         E       F
            +---------+---------+-------+---------+---------+-------
      Total |     923 |     277 |  23.1 |      85 |      13 |  13.3
            +---------+---------+-------+---------+---------+-------
        D:1 |      35 |       0 |   0.0 |      20 |       0 |   0.0
        D:2 |     140 |      17 |  10.8 |      27 |       3 |  10.0
        D:3 |     141 |       0 |   0.0 |      23 |       0 |   0.0
        D:5 |     605 |     260 |  30.1 |      14 |      10 |  41.7
     Temple |       2 |       0 |   0.0 |       1 |       0 |   0.0
            +---------+---------+-------+---------+---------+-------
